 Dungeon Crawl Stone Soup version 0.22-a0-161-g198051cff3 (console) character file.

20 Muffindrake the Sneak (level 2, 0/15 HPs)
             Began as a Spriggan Assassin on Feb 11, 2018.
             Slain by a jackal (3 damage)
             ... on level 1 of the Dungeon.
             The game lasted 00:02:32 (423 turns).

Muffindrake the Sneak (Spriggan Assassin)            Turns: 423, Time: 00:02:32

Health: 0/15       AC:  3    Str:  7    XL:     2   Next: 58%
Magic:  3/3        EV: 17    Int: 12    God:
Gold:   65         SH:  0    Dex: 17    Spells: 1/1 levels left

rFire    . . .     SeeInvis +   a - +2 dagger
rCold    . . .     Gourm    .   (shield restricted)
rNeg     . . .     Faith    .   c - +0 robe
rPois    .         Spirit   .   (helmet restricted)
rElec    .         Reflect  .   d - +0 cloak
rCorr    .         Harm     .   (gloves unavailable)
MR       .....                  (boots unavailable)
Stlth    +++.......             (no amulet)
HPRegen  0.05/turn              (no ring)
MPRegen  0.08/turn              (no ring)

@: very quick
A: very small, unfitting armour, see invisible, herbivore, speed 3, slow
metabolism 2
a: no special abilities


You were on level 1 of the Dungeon.
You were not hungry.

You visited 1 branch of the dungeon, and saw 1 of its levels.

You collected 65 gold pieces.

Inventory:

Hand Weapons
 a - a +2 dagger (weapon)
 b - a +0 blowgun
Missiles
 e - 8 poisoned needles
 f - 2 curare-tipped needles
Armour
 c - a +0 robe (worn)
 d - a +0 cloak (worn)
Potions
 h - a potion of invisibility {unknown}
Comestibles
 g - 2 rations


   Skills:
 + Level 1.8 Fighting
 * Level 2.8 Short Blades
 - Level 2.0 Throwing
 + Level 2.2 Dodging
 + Level 6.1 Stealth


You had one spell level left.
You didn't know any spells.

Dungeon Overview and Level Annotations

Branches:
Dungeon (1/15)

Altars:


Innate Abilities, Weirdness & Mutations

You are very small and have problems with some larger weapons.
You are too small for most types of armour.
You have supernaturally acute eyesight. (SInv)
You are a herbivore.
You cover ground extremely quickly.
You need consume almost no food.


Message History

The jackal is almost dead.
The jackal bites you.
The jackal bites you but does no damage.
The jackal bites you.
You closely miss the jackal.
The jackal is almost dead.
The jackal closely misses you. The jackal barely misses you.
The jackal completely misses you.
You barely miss the jackal.
The jackal is almost dead.
The jackal bites you. The jackal misses you.
You hit the jackal.
You kill the jackal!
The jackal closely misses you. The jackal bites you.
* * * LOW HITPOINT WARNING * * *
You completely miss the jackal. The jackal closely misses you.
You hit the jackal but do no damage.
The jackal bites you but does no damage.
You closely miss the jackal. The jackal barely misses you.
The jackal bites you.
You die... #.).....##.# #########.......##.# ................##.## ##########†###......# # #.###....#.#.# #.##.......#.## #.##.##........
P.♣PPP

P♣#.##.##.........
PP♣♣.♣♣.P#.....+†.....>..
PPPPPPPPP#.##.#†.........
.PPPPPP.P#.##..h@#.##.##.
P.PP♣.P..#.#...###..#...
##########.#.#) ..# ##
...........#.###....#
.<.........# .... .#
...........# .....
##########.# .....
.♣PP♣.♣ #.#......


♣PP♣P.PP #.#...... PPP♣♣P.P.#........ ..PPPPPP.#.####... You could see a jackal.

Vanquished Creatures
  A dart slug (D:1)
  A giant cockroach (D:1)
  2 goblins (D:1)
  2 hobgoblins (D:1)
  5 jackals (D:1)
  A kobold (D:1)
  2 frilled lizards (D:1)
  A rat (D:1)
15 creatures vanquished.

Notes
Turn   | Place    | Note
-------+----------+-------------------------------------------
     0 | D:1      | Muffindrake the Spriggan Assassin began the quest for the Orb.
     0 | D:1      | Reached XP level 1. HP: 10/10 MP: 2/2
   148 | D:1      | Reached skill level 6 in Stealth
   148 | D:1      | Reached XP level 2. HP: 7/15 MP: 3/3
   423 | D:1      | Slain by a jackal

Vault maps used:
D:1:      minmay_arrival_arboretum_large, minmay_pentomino_t2

Skill      XL: |  1 |
---------------+----+-----
Dodging        | 2 |  2.2
Stealth        | 6 |  6.1
Fighting       | |  1.8
Short Blades   | |  2.8
Throwing       | |  2.0

Action                   || total
-------------------------++-------
Melee: Dagger            ||    64
 Stab: Sleeping          ||     4
       Distracted        ||     1
Armor: Robe              ||     9
Dodge: Dodged            ||    46

Table legend:
 A = Spawn XP
 B = Non-spawn XP
 C = Spawn XP percentage of total XP
 D = Spawn monster count
 E = Non-spawn monster count
 F = Spawn count percentage of total count
 G = Total turns spent on level
                    A         B        C        D         E        F      G
               +---------+---------+-------+---------+---------+-------+---------
         Total |       0 |      29 |   0.0 |       0 |      15 |   0.0 |   423
               +---------+---------+-------+---------+---------+-------+---------
           D:1 |       0 |      29 |   0.0 |       0 |      15 |   0.0 |   423
               +---------+---------+-------+---------+---------+-------+---------
